AoeStats
← CazadorGT

Arabia

509154415Analyzed
2v2 RM · 7d ago on Sep 25, 2026· 55m 26s· 4 players
Game mode
Random Map
Map size
Medium (4 player)
Population
200
Speed
Normal
Resources
Standard
Victory
Conquest
Starting age
Dark Age
Ending age
Imperial Age
RankedLock teamsTeams togetherTeam positionsShared explorationLock speedFull tech treeHidden civsTurbo modeCheats
Victory
Defeat
🇳🇴 Malians · Norway
1102
+16
🇳🇴 Romans · Norway
1048
+18
🇬🇹 Japanese · Guatemala
1145
-19
🇮🇹 Ethiopians · Italy
1053
-15
Frankxzx
8:02 Loom
10:18 Feudal Age
13:44 Man-at-Arms
26:12 Scale Mail Armor
29:26 Castle Age
28:00 Double-Bit Axe
27:58 Horse Collar
30:07 Forging
33:45 Elite Skirmisher
34:29 Fletching
34:45 Long Swordsman
35:26 Squires
35:30 Bodkin Arrow
35:14 Crossbowman
36:04 Heavy Plow
37:07 Wheelbarrow
36:18 Town Watch
36:58 Padded Archer Armor
41:57 Leather Archer Armor
42:17 Iron Casting
44:57 Imperial Age
49:09 Imperial Age
47:00 Hand Cart
48:37 Ballistics
48:58 Town Patrol
49:39 Chain Mail Armor
50:10 Masonry
51:01 Chemistry
50:13 Legionary
51:49 Conscription
53:16 Comitatenses
54:58 Crop Rotation
54:49 Bow Saw
Fekt
9:18 Loom
11:05 Feudal Age
15:28 Castle Age
13:41 Double-Bit Axe
23:57 Wheelbarrow
23:20 Town Watch
24:35 Squires
29:30 Scale Mail Armor
30:04 Horse Collar
30:53 Bow Saw
37:26 Forging
37:32 Chain Mail Armor
38:18 Arson
42:03 Imperial Age
39:49 Hand Cart
40:29 Iron Casting
40:42 Bloodlines
40:33 Husbandry
39:53 Light Cavalry
40:58 Scale Barding Armor
43:34 Elite Gbeto
44:15 Farimba
44:37 Conscription
47:57 Plate Mail Armor
47:48 Chain Barding Armor
51:03 Plate Barding Armor
53:10 Heavy Plow
CazadorGT
8:12 Loom
10:24 Feudal Age
10:34 Man-at-Arms
11:13 Double-Bit Axe
11:56 Arson
14:13 Fletching
15:39 Padded Archer Armor
16:26 Forging
18:26 Scale Mail Armor
20:27 Horse Collar
25:08 Castle Age
25:56 Bodkin Arrow
25:59 Crossbowman
28:43 Wheelbarrow
27:57 Town Watch
30:36 Leather Archer Armor
36:31 Ballistics
37:42 Hand Cart
39:20 Husbandry
40:14 Iron Casting
40:08 Bloodlines
43:35 Imperial Age
41:59 Chain Mail Armor
44:23 Bracer
45:25 Chemistry
44:44 Heavy Cavalry Archer
48:12 Plate Mail Armor
verbumdei76
2:04 Loom
11:10 Feudal Age
14:04 Town Watch
14:06 Double-Bit Axe
15:38 Man-at-Arms
16:49 Fletching
18:14 Forging
20:15 Padded Archer Armor
28:07 Castle Age
26:24 Scale Mail Armor
26:25 Horse Collar
27:26 Gold Mining
28:09 Crossbowman
28:47 Bodkin Arrow
30:37 Leather Archer Armor
33:17 Thumb Ring
40:20 Town Patrol
43:16 Chain Mail Armor
49:23 Wheelbarrow
Connection lost

Rejoining the realm…

Still unreachable

The connection could not be restored.

Session expired

The server has moved on; the page needs a fresh start.